 Dungeon Crawl Stone Soup version 0.22.1-1-ga44c0e56f4 (webtiles) character file.

40 Gargoyl the Skirmisher (level 3, -5/33 HPs)
             Began as a Centaur Abyssal Knight on Sept 27, 2018.
             Was a Follower of Lugonu.
             Slain by an ogre
             ... wielding a +0 giant spiked club
              (13 damage)
             ... on level 2 of the Dungeon.
             The game lasted 00:02:55 (1247 turns).

Gargoyl the Skirmisher (Centaur Abyssal Knight)     Turns: 1247, Time: 00:02:55

Health: -5/33      AC:  8    Str: 13 (14) XL:     3   Next: 30%
Magic:  4/4        EV:  6    Int: 10 (11) God:    Lugonu [*.....]
Gold:   125        SH:  0    Dex: 11 (14) Spells: 2/2 levels left

rFire    . . .     SeeInvis .   a - +2 hand axe
rCold    . . .     Gourm    .   (no shield)
rNeg     . . .     Faith    .   b - +0 plate armour
rPois    .         Spirit   .   (no helmet)
rElec    .         Reflect  .   (no cloak)
rCorr    .         Harm     .   (no gloves)
MR       .....                  (no barding)
Stlth    ..........             (no amulet)
HPRegen  0.11/turn              (no ring)
MPRegen  0.09/turn              (no ring)

@: agile, very quick
A: large, hooves 3, deformed body, speed 2, tough skin 3
a: Depart the Abyss, Renounce Religion


You were on level 2 of the Dungeon.
You worshipped Lugonu.
Lugonu was aware of your devotion.
You were not hungry.

You visited 1 branch of the dungeon, and saw 2 of its levels.
You visited the Abyss 1 time.

You collected 125 gold pieces.

Inventory:

Hand Weapons
 a - a +2 hand axe (weapon)
Armour
 b - a +0 plate armour (worn)
 j - a +1 ring mail
Scrolls
 d - 2 scrolls of magic mapping
 e - 3 scrolls of remove curse
 k - 2 scrolls of identify
Potions
 h - a potion of agility
 m - a potion of curing
Comestibles
 c - 3 rations


   Skills:
 + Level 3.7 Fighting
 + Level 2.2 Axes
 * Level 1.8 Armour
 + Level 0.6 Dodging
 * Level 2.1 Invocations


You had 2 spell levels left.
You didn't know any spells.
Your spell library was empty.

Dungeon Overview and Level Annotations

Branches:
Dungeon (2/15)

Altars:
Cheibriados


Innate Abilities, Weirdness & Mutations

You have hooves in place of feet.
Armour fits poorly on your strangely shaped body.
You cover ground very quickly.
You have extremely tough skin. (AC +3)


Message History

You feel agile all of a sudden.
It was a potion of curing.
You feel better.
You hit the ogre.
The ogre is lightly wounded.
The ogre hits you with a giant spiked club!
You hit the ogre. Your kick misses the ogre.
The ogre is lightly wounded.
The ogre hits you with a giant spiked club!
* * * LOW HITPOINT WARNING * * *
You hit the ogre. You kick the ogre.
The ogre is moderately wounded.
The ogre hits you with a giant spiked club.
* * * LOW HITPOINT WARNING * * *
You hit the ogre. You kick the ogre.
The ogre is heavily wounded.
The ogre hits you but does no damage.
You hit the ogre. Your kick misses the ogre.
The ogre is severely wounded.
The ogre hits you with a giant spiked club!
You die...

#.#.# *.....*
#.#.# *#...##
#...# *#..* ##..#
#..* **###
#..######..###....
#.................
#.#########(##..#.
#.# ##.#**.#, #@#
##.(#####. #O#
####......... #.#
#.O.O†8..>..8 #.#
#.##.........
#.####.###..#####.
#....O...##.# *,
#########.#+# **+
**..* **,,
**.#**,**


You could see an ogre.

Vanquished Creatures
  2 dart slugs (D:1)
  A leopard gecko (D:2)
  3 giant cockroaches
  A goblin (D:2)
  6 hobgoblins
  4 jackals (D:2)
  A quokka (D:2)
  3 bats
  A frilled lizard (D:2)
  8 kobolds
  2 rats (D:1)
32 creatures vanquished.

Notes
Turn   | Place    | Note
-------+----------+-------------------------------------------
     0 | Abyss:1  | Gargoyl the Centaur Abyssal Knight began the quest for the
                  | Orb.
     0 | Abyss:1  | Reached XP level 1. HP: 19/19 MP: 2/2
     3 | Abyss:1  | Found a corrupted altar of Lugonu.
    60 | Abyss:1  | Noticed an apocalypse crab
    63 | Abyss:1  | Noticed a rakshasa
    82 | Abyss:1  | Noticed a sky beast
    98 | Abyss:1  | Noticed an ancient zyme
   113 | Abyss:1  | Noticed a sun demon
   117 | D:1      | Escaped the Abyss
   197 | D:1      | Reached XP level 2. HP: 18/26 MP: 3/3
   880 | D:1      | Reached * piety under Lugonu
   992 | D:1      | You fall through a shaft!
  1027 | D:2      | Reached XP level 3. HP: 30/33 MP: 4/4
  1082 | D:2      | Found a snail-covered altar of Cheibriados.
  1216 | D:2      | Noticed an ogre
  1247 | D:2      | Slain by an ogre

Skill      XL: |  1  2 |
---------------+-------+-----
Axes           | 2 |  2.2
Fighting       | |  3.7
Armour         | |  1.8
Dodging        | |  0.6
Invocations    | |  2.1

Action                   || total
-------------------------++-------
Melee: Hand axe          ||    86
       Kick              ||    14
Invok: Depart the Abyss  ||     1
  Use: Scroll            ||     7
       Potion            ||     4
Armor: Leather armour    ||     9
       Ring mail         ||    29
       Plate armour      ||     1
Dodge: Dodged            ||    36
